 Dungeon Crawl Stone Soup version 0.29-a0-1027-gcd8c55af63 (webtiles) character file.

Game seed: 147092988830037554

7160 Zonian the Scholar of Death (level 10, -5/75 HPs)
             Began as a Demonspawn Necromancer on Aug 14, 2022.
             Was a Follower of Kikubaaqudgha.
             Slain by a komodo dragon (27 damage)
             ... on level 1 of the Lair of Beasts.
             The game lasted 00:35:12 (13678 turns).

Zonian the Scholar of Death (DsNe)                 Turns: 13678, Time: 00:35:13

Health: -5/75      AC: 14    Str:  8    XL:     10   Next: 86%
Magic:  20/20      EV: 18    Int: 19    God:    Kikubaaqudgha [*.....]
Gold:   580        SH:  0    Dex: 16    Spells: 9/22 levels left

rFire   . . .      SeeInvis +     - Unarmed
rCold   . . .      Faith    .   (no shield)
rNeg    . . .      Spirit   .   G - +3 leather armour
rPois   .          Reflect  .   w - +1 hat
rElec   .          Harm     .   P - +2 cloak {Stlth+}
rCorr   .          Rampage  .   (gloves unavailable)
Will    .....                   k - +1 pair of boots
Stlth   ++++......              e - amulet of the acrobat
HPRegen 0.22/turn               i - +4 ring of evasion
MPRegen 0.17/turn               h - ring of see invisible

@: animating dead
A: claws 3, molten scales 1, spiny 2
a: Renounce Religion, Unearth Wretches


You were on level 1 of the Lair of Beasts.
You worshipped Kikubaaqudgha.
Kikubaaqudgha was aware of your devotion.
You visited 3 branches of the dungeon, and saw 11 of its levels.
You also visited: Sewer.

You collected 580 gold pieces.

Inventory:

Hand Weapons
 m - the +1 quarterstaff "Syqookho" {venom, rPois rC+ rCorr}
   (You took it off an orc on level 2 of the Dungeon)

   It poisons the flesh of those it strikes.
   rC:        It protects you from cold.
   rPois:     It protects you from poison.
   rCorr:     It protects you from acid and corrosion.
 r - a +0 dagger of speed
 s - a +1 trident of flaming
 C - a +0 sling
 N - a +2 whip of draining
 S - a +0 vampiric halberd
Missiles
 A - 4 boomerangs
 E - 5 javelins
 T - 6 poisoned darts
 V - 5 silver javelins
Armour
 g - a +0 helmet
 k - a +1 pair of boots (worn)
 o - the +1 ring mail of Fuxohagu {MP+9 Stlth+}
   (You found it on level 2 of the Dungeon)

   MP:        It affects your magic capacity (+9).
   Stlth:     It makes you more stealthy.
 p - a +2 robe of cold resistance
 w - a +1 hat (worn)
 G - a +3 leather armour (worn)
 P - a +2 cloak of stealth (worn)
 R - a +0 buckler
Jewellery
 e - an amulet of the acrobat (around neck)
 h - a ring of see invisible (right claw)
 i - a +4 ring of evasion (left claw)
 v - a ring of protection from fire
Wands
 F - a wand of mindburst (15)
 I - a wand of paralysis (12)
 M - a wand of flame (9)
Scrolls
 t - a scroll of amnesia
 y - 2 scrolls of teleportation
 K - 3 scrolls of fear
 L - 2 scrolls of blinking
 O - a scroll of poison
 Q - a scroll of magic mapping
Potions
 b - a potion of magic
 f - 2 potions of haste
 j - 3 potions of lignification
 l - 3 potions of attraction
 q - 5 potions of heal wounds
 u - 2 potions of resistance
 x - 2 potions of invisibility
 z - 5 potions of mutation
 B - a potion of experience {unknown}
 D - a potion of brilliance {unknown}
 H - a potion of might
 J - 3 potions of berserk rage
 U - 2 potions of cancellation {unknown}


   Skills:
 + Level 5.6 Fighting
 - Level 5.6 Dodging
 - Level 6.2 Stealth
 + Level 6.0 Unarmed Combat
 - Level 6.7 Spellcasting
 + Level 10.9 Necromancy


You had 9 spell levels left.
You knew the following spells:

 Your Spells              Type           Power      Damage    Failure   Level
a - Necrotise             Necr           100%       1d9       1%          1
b - Vampiric Draining     Necr           47%        2d9       1%          3
c - Animate Dead          Necr           47%        N/A       1%          4
d - Agony                 Necr           47%        N/A       4%          5

Your spell library contained the following spells:

 Spells                   Type           Power      Damage    Failure   Level
 Sublimation of Blood     Necr           47%        N/A       1%          2
 Anguish                  Hex/Necr       13%        N/A       16%         4
 Wereblood                Tmut           6%         N/A       22%         2
 Ozocubu's Armour         Ice            6%         N/A       41%         3
 Olgreb's Toxic Radiance  Pois           6%         N/A       83%         4
 Petrify                  Tmut/Erth      6%         N/A       83%         4
 Irradiate                Conj/Tmut      3%         3d12      99%         5
 Ozocubu's Refrigeration  Ice            3%         4d8       100%        7
 Summon Hydra             Summ           3%         N/A       100%        7
 Ignition                 Fire           3%         3d4       100%        8


Dungeon Overview and Level Annotations

Branches:
Dungeon (9/15)             Temple (1/1) D:5            Lair (1/5) D:9
  Sewer (visited)
    Orc: D:9-12

Altars:
Fedhas
Gozag
Kikubaaqudgha
Makhleb
Nemelex Xobeh
Sif Muna
Trog
Uskayaw
Wu Jian
Xom

Shops:
D:7 (

Annotations:
D:3 Terence
D:9 Amaemon


Innate Abilities, Weirdness & Mutations

You have claws for hands.
You are partially covered in molten scales. (AC +2)
You are mostly covered in sharp spines.


Message History

You claw the yak!
The yak is almost dead.
The yak is struck by your spines.
You kill the yak!
Kikubaaqudgha accepts your kill.
The dead are walking!
The yak gores your yak zombie.
Unknown command.
You swap places.
The komodo dragon is struck by your spines.
The komodo dragon misses you. The yak completely misses you.
Unknown command.
You scratch the komodo dragon but do no damage.
The komodo dragon is lightly wounded.
The komodo dragon is struck by your spines.
The komodo dragon bites you but does no damage.
You barely miss the komodo dragon.
The komodo dragon is moderately wounded.
The yak gores you. x2; The komodo dragon misses you.
You barely miss the komodo dragon.
The komodo dragon is moderately wounded.
The yak misses you. The yak gores you.
The komodo dragon is struck by your spines.
The komodo dragon closely misses you.
You claw the komodo dragon!
The komodo dragon is severely wounded.
The yak gores you. The yak is struck by your spines.
The yak gores you but does no damage.
You scratch the komodo dragon.
The komodo dragon is severely wounded.
The komodo dragon is struck by your spines.
The komodo dragon bites you! The yak is struck by your spines.
The yak closely misses you. The yak gores you.
* * * LOW HITPOINT WARNING * * *
Unknown command.
You swap places.
The komodo dragon attacks as you move away!
The komodo dragon is struck by your spines.
The komodo dragon bites you!!
You die...
Kikubaaqudgha rasps: "You have failed me!
Welcome... death!"

.#.....#.....#......#
.+.....#.....#......#...
.......#.....#..........
.......#............#..
.#...........#........
.#.....#.....#......#.
....................+...
.P...........#.lYY..P...
.####+.#.....#+#@##+#..
..............ZZZ.......
#..#.#.####..######.####
######## #### #


You could see a komodo dragon, 2 yaks and 4 friendly yak zombies.

Vanquished Creatures
  A two-headed ogre (D:9)
  A black mamba (Lair:1)
  A troll (D:9)
  A wyvern (D:9)
  11 yaks
  A steam dragon (D:7)
  4 water moccasins
  An orc warrior (D:4)
  3 sky beasts
  5 black bears
  An ogre (D:6)
  2 phantoms (D:5)
  2 centaurs
  A kobold brigand (D:5)
  6 bullfrogs
  A scorpion (D:5)
  A necrophage (D:7)
  6 killer bees (D:9)
  3 howler monkeys
  6 hounds
  4 jellies
  2 orc priests
  Ijyb (D:5)
  Natasha (thrice) (D:2)
  3 iguanas
  3 orc wizards
  6 gnolls
  3 adders
  2 river rats (Sewer)
  A shadow imp (D:6)
  2 white imps
  2 ufetubi
  2 worms
  A dart slug (D:3)
  22 orcs
  13 endoplasms
  16 giant cockroaches
  4 goblins
  5 hobgoblins
  7 jackals
  7 kobolds
  7 quokkas
  9 ball pythons
  6 bats
  7 frilled lizards
  14 rats
210 creatures vanquished.

Vanquished Creatures (collateral kills)
  Joseph (D:9)
  2 yaks (Lair:1)
  A gnoll sergeant (D:8)
  An orc priest (D:4)
  An orc wizard (D:4)
  A gnoll (D:7)
  2 orcs (D:6)
  An endoplasm (D:2)
  A kobold (D:2)
11 creatures vanquished.

Vanquished Creatures (others)
  A boulder beetle (D:9)
  A troll (D:8)
  A boulder beetle zombie (D:9)
  A yak zombie (Lair:1)
  A black bear zombie (Lair:1)
  A human zombie (D:9)
  A giant cockroach (D:9)
  A goblin (D:8)
  A giant cockroach zombie (D:9)
  A goblin zombie (D:8)
  39 fungi (D:9)
  43 plants
92 creatures vanquished.

Grand Total: 313 creatures vanquished

Notes
Turn   | Place    | Note
-------+----------+-------------------------------------------
     0 | D:1      | Zonian the Demonspawn Necromancer began the quest for the
                  | Orb.
     0 | D:1      | Reached XP level 1. HP: 13/13 MP: 3/3
   250 | D:1      | Gained mutation: You have sharp fingernails. [demonic
                  | ancestry]
   250 | D:1      | Reached XP level 2. HP: 19/19 MP: 0/5
   749 | D:1      | Found a faded altar of an unknown god.
   893 | D:1      | Gained mutation: You are partially covered in sharp spines.
                  | [demonic ancestry]
   893 | D:1      | Reached XP level 3. HP: 22/24 MP: 4/6
   935 | D:1      | Learned a level 3 spell: Vampiric Draining
  1767 | D:2      | Identified the +1 quarterstaff "Syqookho" {venom, rPois rC+
                  | rCorr}
  1767 | D:2      | Noticed Natasha
  2479 | D:2      | Killed Natasha
  2480 | D:2      | Gained mutation: You are partially covered in molten
                  | scales. (AC +2) [demonic ancestry]
  2480 | D:2      | Reached XP level 4. HP: 30/30 MP: 2/7
  2834 | D:2      | Reached skill level 5 in Necromancy
  3132 | D:2      | Identified the +1 ring mail of Fuxohagu {MP+9 Stlth+}
  3228 | D:2      | Noticed Natasha
  3234 | D:2      | Killed Natasha
  3433 | D:2      | Noticed Natasha
  3437 | D:2      | Killed Natasha
  3438 | D:2      | Gained mutation: You have very sharp fingernails. [demonic
                  | ancestry]
  3438 | D:2      | Reached XP level 5. HP: 35/35 MP: 4/9
  4127 | D:3      | Found a bloodstained altar of Trog.
  4514 | D:3      | Noticed Terence
  4637 | D:3      | Found an ornate altar of the Wu Jian Council.
  5205 | D:3      | Learned a level 4 spell: Animate Dead
  5386 | D:4      | Found a shimmering blue altar of Sif Muna.
  5546 | D:4      | Found a glowing drain.
  5574 | Sewer    | Entered a sewer
  5871 | Sewer    | Reached XP level 6. HP: 41/41 MP: 6/11
  5873 | Sewer    | Found a viscous altar of Jiyva.
  6167 | D:4      | Found an opulent altar of Gozag.
  6492 | D:4      | Found a burning altar of Makhleb.
  6616 | D:4      | Noticed an orc warrior
  6727 | D:4      | Killed an orc warrior
  6728 | D:4      | Reached skill level 6 in Necromancy
  6740 | D:4      | Reached XP level 7. HP: 37/46 MP: 9/12
  6919 | D:5      | Entered Level 5 of the Dungeon
  7019 | D:5      | Noticed Ijyb
  7027 | D:5      | Killed Ijyb
  7673 | D:5      | Found a staircase to the Ecumenical Temple.
  7695 | Temple   | Entered the Ecumenical Temple
  7701 | Temple   | Became a worshipper of Kikubaaqudgha
  8426 | D:5      | Gained mutation: You have claws for hands. [demonic
                  | ancestry]
  8426 | D:5      | Reached XP level 8. HP: 47/52 MP: 7/14
  8599 | D:6      | Reached skill level 5 in Stealth
  9105 | D:6      | Reached skill level 7 in Necromancy
  9169 | D:6      | Reached skill level 5 in Spellcasting
  9398 | D:6      | Reached skill level 5 in Dodging
 10145 | D:7      | Found Sonweyl's Weapon Boutique.
 10408 | D:7      | Gained mutation: You are mostly covered in sharp spines.
                  | [demonic ancestry]
 10408 | D:7      | Reached XP level 9. HP: 55/57 MP: 11/17
 10907 | D:8      | Reached skill level 8 in Necromancy
 10977 | D:8      | Found a shimmering altar of Xom.
 11136 | D:8      | Reached * piety under Kikubaaqudgha
 11136 | D:8      | Received a gift from Kikubaaqudgha
 11200 | D:8      | Found a blossoming altar of Fedhas.
 11222 | D:8      | Reached skill level 1 in Unarmed Combat
 11988 | D:8      | Learned a level 5 spell: Agony
 11996 | D:8      | Reached skill level 1 in Fighting
 11996 | D:8      | Reached skill level 9 in Necromancy
 12331 | D:9      | Noticed a two-headed ogre
 12476 | D:9      | Noticed Joseph
 12583 | D:9      | Reached XP level 10. HP: 49/68 MP: 20/20
 12920 | D:9      | Found a staircase to the Lair.
 13141 | D:9      | Killed Joseph
 13224 | D:9      | Killed a two-headed ogre
 13225 | D:9      | Reached skill level 10 in Necromancy
 13306 | D:9      | Noticed an orange demon
 13309 | D:9      | Noticed Amaemon
 13325 | D:9      | Your ally Joseph died
 13446 | Lair:1   | Entered Level 1 of the Lair of Beasts
 13465 | Lair:1   | Reached skill level 5 in Unarmed Combat
 13583 | Lair:1   | Noticed a black mamba
 13590 | Lair:1   | Killed a black mamba
 13591 | Lair:1   | Reached skill level 5 in Fighting
 13678 | Lair:1   | Slain by a komodo dragon

Illustrated notes

Levels and vault maps discovered:
D:1:      erik_arrival_blinker_ship, layout_basic,
          hellmonk_ecumenical_altar_crossroads, nicolae_eternal_life,
          roderic_three_in_a_row
D:2:      layout_basic, kennysheep_potato, uniq_natasha
D:3:      layout_loops_corners, nzn_wu_jian_council_hall,
          mainiacjoe_overflow_brackets, uniq_terence
D:4:      layout_basic, nicolae_overflow_quartered_altars, portal_sewer_entry_f
D:5:      layout_basic, minmay_temple_entry_overgrown, uniq_ijyb
D:6:      layout_cave_pods, minmay_misc_feat_columns, kennysheep_nondescript
D:7:      layout_loops_ring, serial_rivers, chequers_serial_rivers_micro_b,
          chequers_serial_rivers_micro_d, chequers_serial_rivers_large_a,
          chequers_serial_rivers_room_b, serial_shops,
          nicolae_shop_advertising_works [nicolae_subvault_shop_adworks]
D:8:      layout_basic, xom_teletrap_fun, mainiacjoe_overflow_small_starburst,
          nicolae_water_bricks
D:9:      layout_loops_ring, due_lair_maze_entry_diamond, uniq_joseph,
          uniq_amaemon
Temple:   compressed_dpeg_triangle_lava_temple
Lair:1:   layout_regular_city

Skill      XL: |  1  2  3  4  5  6  7  8  9 10 |
---------------+-------------------------------+-----
Stealth        | 2 3 4 6 |  6.2
Dodging        | 2 3 4 5 |  5.6
Necromancy     | 5 6 7 9 10 | 10.9
Spellcasting   | 3 4 5 6 |  6.7
Unarmed Combat | 4 6 |  6.0
Fighting       | 2 5 |  5.6

Action                   |  1- 3 |  4- 6 |  7- 9 | 10-12 || total
-------------------------+-------+-------+-------+-------++-------
Melee: Unarmed           |     5 |       |   138 |    64 ||   207
       Whip              |    32 |       |       |       ||    32
       Dagger            |       |    78 |    69 |       ||   147
       Punch             |       |       |     3 |     2 ||     5
 Cast: Necrotise         |    49 |    97 |   105 |     5 ||   256
       Vampiric Draining |       |       |     2 |       ||     2
       Animate Dead      |       |       |     1 |     3 ||     4
Invok: Unearth Wretches  |       |       |     1 |     1 ||     2
Evoke: Wand              |       |     1 |       |     9 ||    10
  Use: Scroll            |     2 |     8 |     7 |       ||    17
       Potion            |       |       |     3 |     1 ||     4
 Stab: Sleeping          |     1 |     2 |     8 |       ||    11
       Paralysed         |       |       |     2 |     1 ||     3
       Distracted        |       |       |     1 |     1 ||     2
Armor: Robe              |    18 |    12 |     2 |       ||    32
       Leather armour    |       |       |    72 |    16 ||    88
Dodge: Dodged            |    61 |    60 |   232 |    52 ||   405

Table legend: (Time is in decaauts)
 A = Elapsed time spent in this place.
 B = Non-inter-level travel time spent in this place.
 C = Inter-level travel time spent in this place.
 D = Time resting spent in this place.
 E = Time spent auto-exploring this place.
 F = Levels seen in this place.
 G = Mean time per level.
                   A        B        C        D        E       F      G
               +--------+--------+--------+--------+--------+-----+--------+
         Total |  13826 |  13414 |    412 |   3009 |   7271 |  12 | 1152.2 |
       Dungeon |  13034 |  12622 |    412 |   2672 |   7227 |   9 | 1448.2 |
        Temple |     12 |     12 |      0 |      0 |      0 |   1 |   12.0 |
          Lair |    226 |    226 |      0 |     87 |      0 |   1 |  226.0 |
         Sewer |    552 |    552 |      0 |    250 |     44 |   1 |  552.0 |
               +--------+--------+--------+--------+--------+-----+--------+

Top non-repeatable levels by time:
     D:1: 2273 daAuts
     D:2: 1818 daAuts
     D:8: 1674 daAuts
     D:5: 1476 daAuts
     D:6: 1436 daAuts
     D:3: 1258 daAuts
     D:4: 1166 daAuts
     D:9: 1029 daAuts
     D:7: 901 daAuts
   Sewer: 552 daAuts
  Lair:1: 226 daAuts
  Temple: 12 daAuts
